 Dungeon Crawl Stone Soup version 0.30.0-11-gf55b779eaf (webtiles) character file.

Game seed: 12013923815121613866

3273 jasper the Firebug (level 9, -1/47 HPs)
             Began as a Spriggan Cinder Acolyte on May 16, 2023.
             Was a Priest of Ignis.
             Succumbed to a killer bee's poison
             ... on level 9 of the Dungeon.
             The game lasted 00:10:46 (9181 turns).

jasper the Firebug (Spriggan Cinder Acolyte)        Turns: 9181, Time: 00:10:46

Health: -1/47      AC:  4    Str: 10    XL:     9   Next: 68%
Magic:  13/20      EV: 19    Int: 19    God:    Ignis [***...]
Gold:   243        SH:  0    Dex: 11    Spells: 11/21 levels left

rFire   + . .        a - -1 spear (flame)
rCold   . . .        (no shield)
rNeg    . . .        b - +0 robe
rPois   .            (helmet restricted)
rElec   .            r - +1 cloak {rCorr}
rCorr   +            (gloves unavailable)
SInv    +            (boots unavailable)
Will    +....        (no amulet)
Stlth   +            p - ring of wizardry
HPRegen 0.27/turn    (no ring)
MPRegen 0.17/turn

%: wizardry (x1)
@: lethally poisoned (-1 -> -32), very quick
A: very small, no large weapons, unfitting armour, see invisible, speed 3
a: Renounce Religion, Fiery Armour, Foxfire Swarm, Rising Flame


You were on level 9 of the Dungeon.
You worshipped Ignis.
Ignis was most pleased with you.
You visited 1 branch of the dungeon, and saw 9 of its levels.

You collected 425 gold pieces.
You spent 182 gold pieces at shops.

Inventory:

Hand Weapons
 a - a -1 spear of flaming (weapon)
 k - the +7 dagger "Raemucor" {antimagic, rPois}
   (You took it off an orc wizard on level 6 of the Dungeon)

   rPois:     It protects you from poison.
Missiles
 D - a curare-tipped dart
Armour
 b - a +0 robe (worn)
 j - a +1 cloak
 r - a +1 cloak of preservation (worn)
Jewellery
 n - an amulet of magic regeneration
 p - a ring of wizardry (left hand)
 q - an amulet of regeneration
 z - a ring of willpower
Wands
 i - a wand of flame (69)
 x - a wand of iceblast (8)
 B - a wand of mindburst (10)
 E - a wand of paralysis (10)
Scrolls
 h - a scroll of enchant armour
 o - a scroll of magic mapping
 s - a scroll of teleportation
 t - 2 scrolls of torment
 v - 2 scrolls of vulnerability
 y - 3 scrolls of amnesia
 A - 2 scrolls of fog
 C - a scroll of identify
Potions
 c - 3 potions of might
 d - a potion of cancellation
 e - 2 potions of degeneration
 f - 4 potions of attraction
 g - 3 potions of mutation
 l - 8 potions of flight
 m - 3 potions of lignification
 u - a potion of heal wounds {unknown}
 w - a potion of curing
 F - a potion of ambrosia {unknown}


   Skills:
 + Level 5.0 Fighting
 - Level 2.1 Polearms
 + Level 6.7 Dodging
 + Level 6.8 Spellcasting
 * Level 6.9 Fire Magic
 * Level 5.7 Air Magic


You had 11 spell levels left.
You knew the following spells:

 Your Spells              Type           Power      Damage    Failure   Level
a - Scorch                Fire           64%        2d7       1%          2
b - Plasma Beam           Fire/Air       15%        2x1d29    41%         6
c - Passwall              Tmut/Erth      5%         N/A       6%          2

Your spell library contained the following spells:

 Spells                   Type           Power      Damage    Failure   Level
 Swiftness                Air            28%        N/A       1%          3
 Inner Flame              Hex/Fire       19%        N/A       3%          3
 Vhi's Electric Charge    Tloc/Air       34%        N/A       4%          3
 Ensorcelled Hibernation  Hex/Ice        12%        N/A       6%          2
 Ozocubu's Armour         Ice            6%         N/A       12%         3
 Arcjolt                  Conj/Air       8%         1d18      32%         5
 Alistair's Intoxication  Tmut/Pois      4%         N/A       71%         5
 Borgnjor's Vile Clutch   Necr/Erth      3%         N/A       71%         5
 Yara's Violent Unravell  Hex/Tmut       3%         3d4       71%         5
 Eringya's Noxious Bog    Tmut/Pois      3%         N/A       99%         6
 Enfeeble                 Hex            3%         N/A       100%        7
 Ozocubu's Refrigeration  Ice            3%         4d8       100%        7


Dungeon Overview and Level Annotations

Branches:
Dungeon (9/15)             Temple (0/1) D:5
   Lair: D:8-11         Orc: D:9-12

Altars:
Ashenzari
Fedhas
Kikubaaqudgha
Nemelex Xobeh
Ru
Trog
Vehumet
Xom

Shops:
D:3 *   D:4 *

Annotations:
D:8 2 transporters, 2 runed translucent doors, JoshKwa's ghost, novice DgFE


Innate Abilities, Weirdness & Mutations

You are very small and have problems with some larger weapons.
You are too small for most types of armour.
You have supernaturally acute eyesight. (SInv)
You cover ground extremely quickly. (Speed+++)


Message History

The killer bee poisons you! The killer bee closely misses you.
The killer bee stings you. x2
You take 13 damage, and have 29/47 hp.
MASSIVE DAMAGE!!
You now have 12/20 mp.
You are too injured to fight recklessly!
You feel better. The killer bee completely misses you.
The killer bee stings you.
You are poisoned.
The killer bee poisons you! The killer bee stings you.
You are more poisoned.
The killer bee poisons you! The killer bee closely misses you.
The killer bee stings you.
You are lethally poisoned!
The killer bee poisons you! The killer bee stings you.
You are more poisoned.
The killer bee poisons you! The killer bee misses you.
You take 1 damage, and have 28/47 hp.
You feel very sick. The killer bee barely misses you.
You take 6 damage, and have 22/47 hp.
The killer bee attacks as you move away!
The killer bee misses you.
You feel very sick.
You take 5 damage, and have 17/47 hp.
* * * LOW HITPOINT WARNING * * *
You feel very sick. The killer bee stings you.
* * * LOW HITPOINT WARNING * * *
You are more poisoned.
The killer bee poisons you!
You take 9 damage, and have 8/47 hp.
The killer bee attacks as you move away!
The killer bee misses you.
* * * LOW HITPOINT WARNING * * *
You feel very sick.
The killer bee is no longer more vulnerable to fire.
The killer bee misses you.
You take 5 damage, and have 3/47 hp.
The killer bee attacks as you move away!
The killer bee completely misses you.
You die...

#### ##..### ### #.....###.#
##### #......#..###...#######
#.....#....#....y.#...##
##....#....##...yyy....##
###.[......###@#y.......#
##..............#####.......
##....####..........# .......
#.....#.........#...# .......
#...............#...# .......
#...............#.#..#.......
................._......$....
................#.# .........
# ##.........##...... ....
####


You could see 4 killer bees.

Vanquished Creatures
  Prince Ribbit (D:7)
  2 yaks (D:8)
  A wyvern (D:9)
  A steam dragon (D:7)
  A water moccasin (D:5)
  A black bear (D:6)
  5 sky beasts
  4 ice beasts
  2 ogres
  A centaur (D:9)
  A kobold brigand (D:8)
  A phantom (D:4)
  A bullfrog (D:9)
  2 scorpions (D:4)
  5 wights (D:6)
  5 hounds
  4 orc priests
  2 jellies
  Ijyb (D:5)
  3 orc wizards
  3 gnolls (D:7)
  5 adders
  2 shadow imps
  2 white imps
  An ufetubus (D:5)
  A worm (D:3)
  3 dart slugs
  25 orcs
  8 ball pythons
  4 endoplasms
  2 giant cockroaches
  8 goblins
  4 hobgoblins
  6 jackals
  9 kobolds
  A quokka (D:1)
  4 bats
  3 frilled lizards
  6 rats
  4 rat zombies (D:9)
145 creatures vanquished.

Notes
Turn   | Place    | Note
-------+----------+-------------------------------------------
     0 | D:1      | jasper the Spriggan Cinder Acolyte began the quest for the
                  | Orb.
     0 | D:1      | Reached XP level 1. HP: 11/11 MP: 3/3
   122 | D:1      | Found a faded altar of an unknown god.
   146 | D:1      | Reached XP level 2. HP: 14/16 MP: 6/6
   149 | D:1      | Learned a level 2 spell: Scorch
  1525 | D:2      | Reached XP level 3. HP: 19/19 MP: 2/8
  2590 | D:3      | Found Ageepn's General Store.
  2599 | D:3      | Bought a scroll of identify for 20 gold pieces
  2600 | D:3      | Bought a potion of cancellation for 80 gold pieces
  2736 | D:3      | Reached skill level 1 in Dodging
  2821 | D:3      | Reached XP level 4. HP: 23/23 MP: 2/9
  3583 | D:4      | Reached XP level 5. HP: 28/28 MP: 5/11
  3659 | D:4      | Found Nuaschi's CLEARANCE SALE!.
  3668 | D:4      | Noticed a phantom
  3672 | D:4      | Killed a phantom
  3697 | D:4      | Found a radiant altar of Vehumet.
  3716 | D:4      | Reached XP level 6. HP: 24/32 MP: 4/13
  3726 | D:4      | Learned a level 6 spell: Plasma Beam
  4109 | D:4      | Bought a +1 cloak of preservation for 82 gold pieces
  4130 | D:5      | Entered Level 5 of the Dungeon
  4252 | D:5      | Reached skill level 1 in Air Magic
  4358 | D:5      | Found a staircase to the Ecumenical Temple.
  4729 | D:5      | Noticed a water moccasin
  4743 | D:5      | Reached XP level 7. HP: 36/36 MP: 4/14
  4912 | D:5      | Noticed Ijyb
  4921 | D:5      | Killed Ijyb
  5320 | D:6      | Identified the +7 dagger "Raemucor" {antimagic, rPois}
  5331 | D:6      | Reached skill level 5 in Spellcasting
  5331 | D:6      | Reached skill level 5 in Fire Magic
  5528 | D:6      | Reached XP level 8. HP: 42/42 MP: 0/16
  6032 | D:6      | Reached skill level 5 in Dodging
  6977 | D:7      | Found a sacrificial altar of Ru.
  6980 | D:7      | Reached XP level 9. HP: 46/46 MP: 14/19
  7057 | D:7      | Noticed Prince Ribbit
  7070 | D:7      | Killed Prince Ribbit
  7657 | D:7      | Reached skill level 5 in Air Magic
  8032 | D:8      | Found a transporter.
  8045 | D:8      | Noticed a troll
  8051 | D:8      | Noticed JoshKwa's ghost (novice DgFE)
  8063 | D:8      | Found a transporter.
  8073 | D:8      | Found a shimmering altar of Xom.
  8198 | D:8      | Found a bloodstained altar of Trog.
  8341 | D:8      | Learned a level 2 spell: Passwall
  8375 | D:8      | Found a runed translucent door.
  8378 | D:8      | Found a runed translucent door.
  8603 | D:9      | Found a blossoming altar of Fedhas.
  8875 | D:9      | Found a sparkling altar of Nemelex Xobeh.
  9025 | D:9      | Found an ancient bone altar of Kikubaaqudgha.
  9062 | D:9      | Reached skill level 5 in Fighting
  9144 | D:9      | Found a broken altar of Ashenzari.
  9181 | D:9      | Succumbed to a killer bee's poison

Illustrated notes

Levels and vault maps discovered:
D:1:      dpeg_arrival_three_same_balls, layout_basic,
          hellmonk_ecumenical_altar_slurped_away, minmay_crystal_room,
          reono_crystal_passage
D:2:      minmay_spotlight, layout_loops_cross
D:3:      layout_loops_corners, serial_shops, nicolae_shop_hallway_stairs
D:4:      layout_rooms, vehumet_altar_wand_db,
          nicolae_hepliaklqana_monster_ancestors, nicolae_shop_clearance
D:5:      layout_loops_cross, minmay_temple_entry_fiery, serial_bayou_pond_c,
          uniq_ijyb
D:6:      layout_basic
D:7:      layout_loops_corners, nicolae_ru_sacrificial_ziggurat,
          kennysheep_minor_cross, uniq_prince_ribbit1
D:8:      lemuel_insect_pit, layout_basic, amcnicky_altar_gilded,
          general_overflow_altar, mainiacjoe_overflow_paths, nzn_ghost_randoct,
          serial_shops, nicolae_shop_rolling_square
D:9:      layout_cave_pools, nemelex_xobeh_ov_fountains_minmay,
          ashenzari_altar_1, fedhas_altar_1, lemuel_zombie_altar_kikubaaqudgha,
          dancing_weapons_uskayaw

Skill      XL: |  1  2  3  4  5  6  7  8  9 |
---------------+----------------------------+-----
Spellcasting   | 2 3 4 5 6 |  6.8
Fire Magic     | 3 4 5 6 |  6.9
Dodging        | 1 2 3 4 5 6 |  6.7
Fighting       | 3 4 5 |  5.0
Air Magic      | 1 2 4 5 |  5.7
Polearms       | |  2.1

Action                     |  1- 3 |  4- 6 |  7- 9 || total
---------------------------+-------+-------+-------++-------
  Melee: Spear             |    38 |    39 |    44 ||   121
         Punch             |     1 |       |     1 ||     2
   Cast: Scorch            |    42 |    54 |   155 ||   251
 Invoke: Fiery Armour      |     1 |     1 |     4 ||     6
    Use: Scroll            |    12 |     2 |     6 ||    20
         Potion            |       |       |     2 ||     2
   Stab: Sleeping          |     1 |       |       ||     1
 Armour: Robe              |    10 |     8 |    14 ||    32
  Dodge: Dodged            |    48 |    45 |    96 ||   189
